 Dungeon Crawl Stone Soup version 0.27.1-1-g398f81649c (webtiles) character file.

Game seed: 572067658395266471

25 MisterFreud the Slasher (level 3, 0/31 HPs)
             Began as a Gnoll Wanderer on Sept 20, 2021.
             Was a Follower of Sif Muna.
             Succumbed to an adder's poison
             ... on level 2 of the Dungeon.
             The game lasted 00:01:37 (940 turns).

MisterFreud the Slasher (Gnoll Wanderer)             Turns: 940, Time: 00:01:38

Health: 0/31       AC:  5    Str:  9 (11) XL:     3   Next: 4%
Magic:  3/3        EV: 11    Int: 10 (13) God:    Sif Muna [*.....]
Gold:   99         SH:  0    Dex:  7 (10) Spells: 3/3 levels left

rFire    . . .     SeeInvis .   c - +0 falchion
rCold    . . .     Faith    .   (no shield)
rNeg     . . .     Spirit   .   b - +2 leather armour
rPois    .         Reflect  .   (no helmet)
rElec    .         Harm     .   (no cloak)
rCorr    .         Rampage  .   (no gloves)
Will     .....                  (no boots)
Stlth    +.........             (no amulet)
HPRegen  0.10/turn              (no ring)
MPRegen  0.08/turn              (no ring)

@: lethally poisoned (0 -> -6)
A: fangs 1, strong nose, distributed training
a: Renounce Religion, Channel Magic


You were on level 2 of the Dungeon.
You worshipped Sif Muna.
Sif Muna was aware of your devotion.
You visited 1 branch of the dungeon, and saw 2 of its levels.

You collected 99 gold pieces.

Inventory:

Hand Weapons
 a - a +0 short sword
 c - a +0 falchion (weapon)
Armour
 b - a +2 leather armour (worn)
Scrolls
 f - a scroll of teleportation {unknown}
 g - a scroll of fear {unknown}


   Skills:
 + Level 4.5 Fighting
 + Level 2.5 Short Blades
 + Level 6.5 Long Blades
 + Level 0.5 Axes
 + Level 0.5 Maces & Flails
 + Level 0.5 Polearms
 + Level 0.5 Staves
 + Level 0.5 Slings
 + Level 0.5 Bows
 + Level 0.5 Crossbows
 + Level 2.5 Throwing
 + Level 0.5 Armour
 + Level 2.5 Dodging
 + Level 2.3 Stealth
 + Level 2.5 Shields
 + Level 0.5 Unarmed Combat
 + Level 0.5 Spellcasting
 + Level 0.4 Conjurations
 + Level 0.4 Hexes
 + Level 0.4 Summonings
 + Level 0.4 Necromancy
 + Level 0.4 Translocations
 + Level 0.4 Transmutations
 + Level 0.4 Fire Magic
 + Level 0.4 Ice Magic
 + Level 0.4 Air Magic
 + Level 0.4 Earth Magic
 + Level 0.4 Poison Magic
 + Level 0.7 Invocations
 + Level 0.5 Evocations


You had 3 spell levels left.
You didn't know any spells.
Your spell library was empty.

Dungeon Overview and Level Annotations

Branches:
Dungeon (2/15)

Altars:
Sif Muna


Innate Abilities, Weirdness & Mutations

You have very sharp teeth.
Your uncanny sense of smell can sniff out nearby items.
Your experience applies equally to all skills.


Message History

The adder is moderately wounded.
The adder closely misses you. x2
You hit the adder but do no damage.
The adder is moderately wounded.
The adder bites you.
* * * LOW HITPOINT WARNING * * *
You miss the adder.
The adder is moderately wounded.
The adder misses you.
Unknown command.
You hit the adder.
The adder is moderately wounded.
The adder closely misses you. The adder barely misses you.
You riposte.
You miss the adder.
The adder is moderately wounded.
You barely miss the adder.
The adder is moderately wounded.
The adder bites you but does no damage.
You closely miss the adder.
The adder is moderately wounded.
The adder bites you but does no damage.
Unknown command.
You miss the adder.
The adder is moderately wounded.
The adder bites you.
* * * LOW HITPOINT WARNING * * *
You are poisoned.
The adder poisons you!
You hit the adder.
The adder is heavily wounded.
You feel sick. The adder bites you.
* * * LOW HITPOINT WARNING * * *
The adder bites you.
* * * LOW HITPOINT WARNING * * *
You are more poisoned.
The adder poisons you!
It was a potion of degeneration.
There was something very wrong with that liquid.
You feel weakened.
You feel dopey.
You feel clumsy.
You die...

.# . .# ∆ .# .# .# .#
####### .# .......
.#################...#
.......†.......w@S...#
##################...#
...# ...# ...# .### .#
.#


You could see a worm and an adder.

Vanquished Creatures
  3 endoplasms (D:1)
  2 goblins
  5 hobgoblins
  A quokka (D:1)
  3 ball pythons (D:1)
  2 bats (D:1)
  2 frilled lizards (D:1)
  2 kobolds
  4 rats
24 creatures vanquished.

Notes
Turn   | Place    | Note
-------+----------+-------------------------------------------
     0 | D:1      | MisterFreud the Gnoll Wanderer began the quest for the Orb.
     0 | D:1      | MisterFreud set off with the following items: a +0 short
                  | sword, a +2 leather armour, a +0 falchion
     0 | D:1      | Reached XP level 1. HP: 20/20 MP: 1/1
   177 | D:1      | Reached XP level 2. HP: 26/26 MP: 2/2
   610 | D:1      | Found a faded altar of an unknown god.
   626 | D:1      | Became a worshipper of Sif Muna the Loreminder
   626 | D:1      | Reached * piety under Sif Muna
   891 | D:2      | Reached XP level 3. HP: 6/31 MP: 3/3
   940 | D:2      | Succumbed to an adder's poison

Illustrated notes

Levels and vault maps discovered:
D:1:      minmay_arrival_semitransparent, layout_rooms,
          chequers_ecumenical_altar_simple_redux, minmay_misc_feat_columns
D:2:      layout_basic, minmay_misc_feat_alley, hangedman_decor_points

Action                   || total
-------------------------++-------
Melee: Falchion          ||    91
       Bite              ||     7
  Use: Potion            ||     2
 Stab: Sleeping          ||     2
Armor: Leather armour    ||    31
Dodge: Dodged            ||    55
       Rpst.: Falchion   ||    11
